 Dungeon Sprint DCSS version 0.21.1-1-g345015f (webtiles) character file.

430 Mesmaeker13 the Blocker (level 6, -4/63 HPs)
             Began as a Minotaur Fighter on Apr 14, 2018.
             Was an Initiate of Trog.
             Slain by a slime creature (12 damage)
             ... in the Dungeon (Sprint I: "Red Sonja").
             The game lasted 00:01:03 (763 turns).

Mesmaeker13 the Blocker (Minotaur Fighter)           Turns: 763, Time: 00:01:04

Health: -4/63      AC:  8    Str: 23    XL:     6   Next: 66%
Magic:  5/5        EV:  8    Int:  5    God:    Trog [......]
Gold:   297        SH: 11    Dex:  9    Spells: 5/5 levels left

rFire    . . .     SeeInvis .   a - +0 flail
rCold    . . .     Gourm    .   c - +0 shield
rNeg     . . .     Faith    .   b - +0 scale mail
rPois    .         Spirit   .   (helmet restricted)
rElec    .         Reflect  .   (no cloak)
rCorr    .         Harm     .   (no gloves)
MR       .....     NoTele   +   (no boots)
Stlth    ..........             (no amulet)
HPRegen  0.20/turn              (no ring)
MPRegen  0.09/turn              (no ring)

@: no status effects
A: retaliatory headbutt, horns 2
a: Burn Spellbooks, Renounce Religion


You were in the Dungeon.
You worshipped Trog.
Trog was noncommittal.
You were not hungry.

You visited 1 branch You collected 297 gold pieces.

Inventory:

Hand Weapons
 a - a +0 flail (weapon)
Armour
 b - a +0 scale mail (worn)
 c - a +0 shield (worn)
Scrolls
 k - a scroll of blinking
Potions
 d - a potion of might
 e - a potion of curing
 g - a potion of heal wounds
 h - a potion of haste
 i - 2 potions of magic
 j - 2 potions of berserk rage
Comestibles
 f - a ration


   Skills:
 + Level 9.3 Fighting
 + Level 9.0 Maces & Flails
 + Level 9.4 Armour
 + Level 9.4 Shields


You had 5 spell levels left.
You didn't know any spells.

Dungeon Overview and Level Annotations

Branches:
Dungeon (1/1)

Altars:
Cheibriados
Dithmenos
Elyvilon
Fedhas
Gozag
Hepliaklqana
Kikubaaqudgha
Makhleb
Nemelex Xobeh
Okawaru
Qazlal
Ru
Sif Muna
Trog
Uskayaw
Vehumet
Wu Jian
Xom
Yredelemnul
Zin
The Shining One
Jiyva
Lugonu

Shops:
D *


Innate Abilities, Weirdness & Mutations

You reflexively headbutt those who attack you in melee.
You have a pair of horns on your head.


Message History

You thump the slime creature!
Your headbutt misses the slime creature.
The slime creature is moderately wounded.
The slime creature barely misses you.
You sock the slime creature! You headbutt the slime creature.
The slime creature is heavily wounded.
The slime creature hits you!
You hit the slime creature.
Your headbutt misses the slime creature.
The slime creature is heavily wounded.
The slime creature hits you!
* * * LOW HITPOINT WARNING * * *
You bludgeon the slime creature!!
The slime creature is severely wounded.
The slime creature hits you.
* * * LOW HITPOINT WARNING * * *
You hit the slime creature.
The slime creature is almost dead.
The slime creature hits you!
You die...

###################
#<.#..').#..'..#__#
#..').#..').#..J..+
#..#####'#####@#__#
#..####..#...#)# ##
#..#__####..##(#
#..#_____##'#_.+
#⌠⌠#_.∩...'..._#
####_..__##_.#'#
#_____###+#(#
####### ###


You could see a slime creature.

Vanquished Creatures
  Sigmund (D)
  A yak (D)
  An ogre (D)
  A jelly (D)
  Ijyb (D)
5 creatures vanquished.

Notes
Turn   | Place    | Note
-------+----------+-------------------------------------------
     0 | D        | Mesmaeker13 the Minotaur Fighter began the quest for the Orb.
     0 | D        | Reached XP level 1. HP: 19/19 MP: 0/0
     1 | D        | Noticed Ijyb
    19 | D        | Killed Ijyb
    19 | D        | Reached skill level 5 in Fighting
    19 | D        | Reached skill level 5 in Armour
    19 | D        | Reached skill level 5 in Shields
    19 | D        | Reached XP level 2. HP: 14/29 MP: 1/1
   281 | D        | Noticed an ogre
   286 | D        | Killed an ogre
   286 | D        | Reached skill level 5 in Maces & Flails
   286 | D        | Reached XP level 3. HP: 19/38 MP: 2/2
   286 | D        | Reached XP level 4. HP: 22/45 MP: 3/3
   443 | D        | Noticed Sigmund
   459 | D        | Killed Sigmund
   459 | D        | Reached XP level 5. HP: 43/53 MP: 4/4
   568 | D        | Found a deep blue altar of Sif Muna.
   569 | D        | Found an ornate altar of the Wu Jian Council.
   570 | D        | Found a radiant altar of Vehumet.
   572 | D        | Reached XP level 6. HP: 60/62 MP: 5/5
   642 | D        | Found Keibinuw's Assorted Antiques.
   642 | D        | Found an ancient bone altar of Kikubaaqudgha.
   642 | D        | Found a hazy altar of Hepliaklqana.
   642 | D        | Found a stormy altar of Qazlal.
   642 | D        | Found a hide-covered altar of Uskayaw.
   642 | D        | Found a blossoming altar of Fedhas.
   642 | D        | Found a bloodstained altar of Trog.
   642 | D        | Found an iron altar of Okawaru.
   642 | D        | Found a basalt altar of Yredelemnul.
   642 | D        | Found a glowing golden altar of the Shining One.
   642 | D        | Found a snail-covered altar of Cheibriados.
   642 | D        | Found a sacrificial altar of Ru.
   642 | D        | Found a glowing silver altar of Zin.
   642 | D        | Found a shadowy altar of Dithmenos.
   642 | D        | Found a white marble altar of Elyvilon.
   642 | D        | Noticed a yak
   652 | D        | Killed a yak
   653 | D        | Found an opulent altar of Gozag.
   654 | D        | Found a sparkling altar of Nemelex Xobeh.
   659 | D        | Became a worshipper of Trog the Wrathful
   754 | D        | Found a burning altar of Makhleb.
   754 | D        | Found a viscous altar of Jiyva.
   754 | D        | Found a shimmering altar of Xom.
   754 | D        | Found a corrupted altar of Lugonu.
   754 | D        | Noticed a slime creature
   763 | D        | Slain by a slime creature

Skill      XL: |  1  2  3  4  5  6 |
---------------+-------------------+-----
Fighting       | 5 6 8 9 |  9.3
Maces & Flails | 4 5 7 8 9 |  9.0
Armour         | 5 6 8 9 |  9.4
Shields        | 5 6 8 9 |  9.4

Action                   |  1- 3 |  4- 6 || total
-------------------------+-------+-------++-------
Melee: Flail             |    21 |    34 ||    55
       Headbutt          |     4 |     7 ||    11
Armor: Scale mail        |     5 |     7 ||    12
Dodge: Dodged            |     3 |     3 ||     6
Block: Shield            |    11 |     9 ||    20
